AoeStats
← El_jefe88x

Arena

509535391Analyzed
2v2 RM · 6d ago on Sep 27, 2026· 33m 6s· 4 players
Game mode
Random Map
Map size
Medium (4 player)
Population
200
Speed
Normal
Resources
Standard
Victory
Conquest
Starting age
Dark Age
Ending age
Imperial Age
RankedLock teamsTeams togetherTeam positionsShared explorationLock speedFull tech treeHidden civsTurbo modeCheats
Victory
Defeat
🇺🇸 Persians · United States
618
+20
🇺🇸 Britons · United States
615
+20
🇨🇦 Chinese · Canada
749
-22
🇧🇴 Persians · Bolivia
650
-18
El_jefe88x
15:00 Feudal Age
17:26 Feudal Age
21:38 Castle Age
19:40 Double-Bit Axe
19:40 Horse Collar
19:54 Gold Mining
21:03 Stone Mining
22:04 Loom
22:05 Town Watch
24:55 Wheelbarrow
24:09 Crossbowman
25:20 Fletching
25:31 Padded Archer Armor
25:44 Forging
26:28 Gold Shaft Mining
26:10 Elite Skirmisher
27:02 Bodkin Arrow
27:23 Leather Archer Armor
27:42 Fervor
27:33 Atonement
28:34 Thumb Ring
29:49 Caravan
30:53 Hand Cart
30:38 Town Patrol
32:10 Town Patrol
32:50 Great Wall
32:33 Pikeman
33:13 Squires
yatogamiuzumaki *******
9:40 Feudal Age
10:05 Double-Bit Axe
10:04 Horse Collar
14:29 Wheelbarrow
19:30 Castle Age
19:06 Gold Mining
21:05 Fervor
23:26 Hand Cart
22:43 Light Cavalry
23:34 Bloodlines
22:47 Pikeman
26:35 Bow Saw
27:00 Scale Mail Armor
27:10 Forging
32:52 Imperial Age
31:10 Gold Shaft Mining
32:56 Fletching
33:06 Padded Archer Armor
TRAP-GAMER-ANT
17:51 Feudal Age
20:29 Double-Bit Axe
20:37 Man-at-Arms
23:41 Castle Age
22:59 Gold Mining
26:36 Long Swordsman
30:59 Imperial Age
33:22 Loom
Mayhem
11:13 Feudal Age
15:21 Castle Age
14:36 Double-Bit Axe
15:12 Horse Collar
21:45 Bow Saw
27:57 Imperial Age
26:21 Scale Barding Armor
30:51 Chemistry
32:37 Wheelbarrow
Connection lost

Rejoining the realm…

Still unreachable

The connection could not be restored.

Session expired

The server has moved on; the page needs a fresh start.